 Dungeon Crawl Stone Soup version 0.24-a0-157-g36218c0 (webtiles) character file.

Game seed: 13981043518623436394

116 Dfrag the Firebug (level 5, -4/42 HPs)
             Began as a Naga Fire Elementalist on Mar 4, 2019.
             Slain by Crazy Yiuf
             ... wielding a +4 quarterstaff of chaos
              (5 damage)
             ... on level 3 of the Dungeon.
             The game lasted 00:03:04 (2389 turns).

Dfrag the Firebug (Naga Fire Elementalist)          Turns: 2389, Time: 00:03:05

Health: -4/42      AC:  2    Str: 10    XL:     5   Next: 1%
Magic:  6/9        EV: 10    Int: 16    God:
Gold:   107        SH:  0    Dex: 12    Spells: 2/10 levels left

rFire    . . .     SeeInvis +   d - +2 hand axe (freeze)
rCold    . . .     Gourm    .   (no shield)
rNeg     . . .     Faith    .   a - +0 robe
rPois    +         Spirit   .   (no helmet)
rElec    .         Reflect  .   (no cloak)
rCorr    .         Harm     .   (no gloves)
MR       .....                  (no barding)
Stlth    ++........             (no amulet)
HPRegen  0.14/turn              h - ring of wizardry
MPRegen  0.11/turn              t - ring of poison resistance

@: short of breath, very slow
A: large, see invisible, deformed body, poison resistance, slowness 2, slow
metabolism 1, spit poison 1, AC +1
a: Spit Poison


You were on level 3 of the Dungeon.
You were not hungry.

You visited 1 branch of the dungeon, and saw 3 of its levels.

You collected 107 gold pieces.

Inventory:

Hand Weapons
 d - a +2 hand axe of freezing (weapon)
Armour
 a - a +0 robe (worn)
Jewellery
 h - a ring of wizardry (left hand)
 t - a ring of poison resistance (right hand)
Wands
 n - a wand of flame (24)
Scrolls
 b - 2 scrolls of magic mapping {unknown}
 e - 3 scrolls of remove curse {unknown}
 f - 2 scrolls of enchant weapon {unknown}
 i - 2 scrolls of identify {unknown}
 l - a scroll of teleportation {unknown}
 m - a scroll of fear {unknown}
 s - 2 scrolls of blinking {unknown}
 u - 2 scrolls of fog {unknown}
Potions
 g - a potion of berserk rage {unknown}
 j - a potion of haste {unknown}
 k - a potion of resistance {unknown}
 o - a potion of ambrosia {unknown}
 p - 2 potions of experience {unknown}
 q - a potion of mutation {unknown}
 r - a potion of degeneration {unknown}
Comestibles
 c - 5 rations
 v - 2 chunks of flesh


   Skills:
 - Level 1.5 Dodging
 - Level 3.0 Stealth
 + Level 3.0 Spellcasting
 + Level 2.6 Conjurations
 + Level 4.0 Fire Magic


You had 2 spell levels left.
You knew the following spells:

 Your Spells              Type           Power        Failure   Level  Hunger
a - Flame Tongue          Conj/Fire      ##...        1%          1    #......
b - Conjure Flame         Conj/Fire      ##......     6%          3    ###....
c - Sticky Flame          Conj/Fire      ##......     19%         4    #####..

Your spell library contained the following spells:

 Spells                   Type           Power        Failure   Level  Hunger
 Throw Flame              Conj/Fire      ##....       2%          2    ##.....
 Animate Skeleton         Necr           N/A          8%          1    #......
 Apportation              Tloc           #.....       8%          1    #......
 Beastly Appendage        Tmut           #.....       8%          1    #......
 Confusing Touch          Hex            #.....       8%          1    #......
 Summon Small Mammal      Summ           #...         8%          1    #......
 Sticks to Snakes         Tmut           #.......     12%         2    ##.....
 Inner Flame              Hex/Fire       #.......     10%         3    ###....
 Spider Form              Tmut/Pois      #.........   22%         3    ###....
 Fireball                 Conj/Fire      ##........   45%         5    ######.
 Ice Form                 Ice/Tmut       #.......     56%         4    #####..
 Blade Hands              Tmut           #.........   87%         5    ######.


Dungeon Overview and Level Annotations

Branches:
Dungeon (3/15)

Altars:
Dithmenos
Elyvilon
Nemelex Xobeh

Annotations:
D:3 Crazy Yiuf


Innate Abilities, Weirdness & Mutations

You cannot wear boots.
Your serpentine skin is tough. (AC +1)
You have supernaturally acute eyesight. (SInv)
Armour fits poorly on your strangely shaped body.
Your system is resistant to poisons. (rPois)
You cover ground very slowly.
You have a slow metabolism.
You can spit poison.


Message History

You have got your breath back.
Casting: Flame Tongue (safe; 1% risk of failure)
Confirm with . or Enter, or press ? or * to list all spells.
Aiming: Flame Tongue (safe; 1% risk of failure)
Press: ? - help, Shift-Dir - straight line, f/p - Crazy Yiuf
Aim: Crazy Yiuf, wielding a +4 quarterstaff of chaos, wearing a +2 cloak and carrying a wand of random effects (24) (severely wounded, poisoned)
The flame tongue hits Crazy Yiuf.
Crazy Yiuf is almost dead.
Crazy Yiuf hits you with a +4 quarterstaff of chaos!
* * * LOW HITPOINT WARNING * * *
Press: ? - help, Shift-Dir - straight line, f/p - Crazy Yiuf
Aim: Crazy Yiuf, wielding a +4 quarterstaff of chaos, wearing a +2 cloak and carrying a wand of random effects (24) (almost dead, poisoned)
The splash of poison hits Crazy Yiuf but does no damage.
Crazy Yiuf looks even sicker.
Crazy Yiuf is almost dead.
You feel slightly more hungry.
Crazy Yiuf hits you with a +4 quarterstaff of chaos!
* * * LOW HITPOINT WARNING * * *
Crazy Yiuf burns you.
You die...

#....####.#
#....# #.#
♣....♣ #.#
♣...♣♣ #†#
♣♣.♣♣ #.#
♣.♣♣
#.##########
#### ♣♣.♣
#...........
...# ♣.♣♣
#########...
...# ♣♣@♣
#....# #.).
.>.# #g#
#....# #...
...#########
...
#....####...
...........#
#...#
#..........<
...#########
#..)#
#########...
.†....## ###
#####
#...........
...##..###.#
######.<....
######.....#
### #.##...
####.#...##
##.# #.##...


You could see Crazy Yiuf.

Vanquished Creatures
  Natasha (D:3)
  4 adders
  A dart slug (D:3)
  A leopard gecko (D:2)
  8 bats
  2 giant cockroaches (D:2)
  6 goblins
  3 hobgoblins
  7 jackals
  4 frilled lizards
  9 kobolds
  5 rats
51 creatures vanquished.

Notes
Turn   | Place    | Note
-------+----------+-------------------------------------------
     0 | D:1      | Dfrag the Naga Fire Elementalist began the quest for the
                  | Orb.
     0 | D:1      | Reached XP level 1. HP: 15/15 MP: 3/3
   220 | D:1      | Reached XP level 2. HP: 1/22 MP: 0/5
   524 | D:2      | Found a white marble altar of Elyvilon.
   539 | D:2      | HP: 1/22 [frilled lizard (2)]
   906 | D:2      | Found a shadowy altar of Dithmenos.
   921 | D:2      | Reached XP level 3. HP: 12/28 MP: 1/6
  1250 | D:2      | Found a sparkling altar of Nemelex Xobeh.
  1343 | D:2      | Reached XP level 4. HP: 10/36 MP: 1/8
  1403 | D:2      | Learned a level 3 spell: Conjure Flame
  1408 | D:2      | Learned a level 4 spell: Sticky Flame
  2257 | D:3      | Noticed Natasha
  2261 | D:3      | Killed Natasha
  2261 | D:3      | Reached skill level 4 in Fire Magic
  2261 | D:3      | Reached XP level 5. HP: 42/42 MP: 7/9
  2271 | D:3      | Found a runed translucent door.
  2272 | D:3      | Noticed Crazy Yiuf
  2389 | D:3      | HP: 1/42 [Crazy Yiuf/+4 quarterstaff of chaos (11)]
  2389 | D:3      | Slain by Crazy Yiuf

Levels and vault maps discovered:
D:1:      dpeg_arrival_simpleton_c, layout_loops_cross
D:2:      layout_basic, nicolae_overflow_crystal_walls,
          nemelex_xobeh_ov_fountains_minmay,
          nicolae_dithmenos_through_a_glass_darkly
D:3:      layout_rooms, first_ration, uniq_crazy_yiuf_cottage, uniq_natasha

Skill      XL: |  1  2  3  4 |
---------------+-------------+-----
Conjurations   | 2 |  2.6
Spellcasting   | 3 |  3.0
Fire Magic     | 4 |  4.0
Dodging        | |  1.5
Stealth        | |  3.0

Action                   |  1- 3 |  4- 6 || total
-------------------------+-------+-------++-------
Melee: Unarmed           |     7 |       ||     7
       Hand axe          |    13 |     2 ||    15
 Cast: Flame Tongue      |    34 |    36 ||    70
 Abil: Spit Poison       |    16 |    12 ||    28
  Eat: Chunk             |     2 |     3 ||     5
Armor: Robe              |    17 |     7 ||    24
Dodge: Dodged            |    39 |    17 ||    56

Table legend:
 A = Non-vault XP
 B = Vault XP
 C = Vault XP percentage of total XP
 D = Non-vault monster count
 E = Vault monster count
 F = Vault count percentage of total count
                 A         B        C        D         E       F
            +---------+---------+-------+---------+---------+-------
      Total |     134 |      33 |  19.8 |      50 |       1 |   2.0
            +---------+---------+-------+---------+---------+-------
        D:1 |      15 |       0 |   0.0 |       8 |       0 |   0.0
        D:2 |      78 |       0 |   0.0 |      24 |       0 |   0.0
        D:3 |      41 |      33 |  44.6 |      18 |       1 |   5.3
            +---------+---------+-------+---------+---------+-------
